AoeStats
← [LCDR] ScOrPiOn II

Lombardia

509710553Analyzed
4v4 RM · 6d ago on Sep 27, 2026· 40m 49s· 8 players
Game mode
Random Map
Map size
Large (8 player)
Population
200
Speed
Normal
Resources
Standard
Victory
Conquest
Starting age
Dark Age
Ending age
Imperial Age
RankedLock teamsTeams togetherTeam positionsShared explorationLock speedFull tech treeHidden civsTurbo modeCheats
Victory
Defeat
🇹🇼 Mongols · Taiwan
1695
+10
🇹🇼 Saracens · Taiwan
1639
+12
1620
+13
🇹🇼 Persians · Taiwan
1603
+13
🇧🇷 Huns · Brazil
1665
-16
🇧🇷 Spanish · Brazil
1619
-14
🇧🇷 Turks · Brazil
1546
-12
🇧🇷 Saracens · Brazil
1372
-6
再吵去東湖框你媽出場
9:28 Feudal Age
10:11 Double-Bit Axe
11:07 Horse Collar
16:39 Loom
20:26 Scale Barding Armor
25:23 Castle Age
24:11 Forging
24:22 Bloodlines
26:02 Gold Mining
26:57 Light Cavalry
28:02 Heavy Plow
28:13 Bow Saw
28:10 Husbandry
29:16 Wheelbarrow
29:26 Chain Barding Armor
32:48 Hand Cart
36:53 Gold Shaft Mining
38:52 Stone Mining
38:50 Town Watch
43:46 Imperial Age
BøM_antihack.exe
7:41 Feudal Age
6:48 Loom
8:18 Double-Bit Axe
19:23 Horse Collar
20:21 Wheelbarrow
21:03 Scale Barding Armor
22:23 Forging
23:38 Bloodlines
27:58 Castle Age
26:44 Fletching
27:47 Gold Mining
28:06 Light Cavalry
28:46 Husbandry
29:08 Chain Barding Armor
30:04 Bodkin Arrow
36:52 Bow Saw
38:31 Hand Cart
40:51 Caravan
Fries
8:25 Loom
9:12 Loom
11:16 Feudal Age
15:03 Castle Age
13:32 Double-Bit Axe
13:30 Horse Collar
20:58 Wheelbarrow
22:42 Bow Saw
24:09 Hand Cart
24:21 Gold Mining
24:43 Heavy Plow
30:28 Gold Shaft Mining
34:08 Imperial Age
31:54 Bloodlines
31:44 Husbandry
32:24 Scale Barding Armor
32:30 Forging
33:47 Cavalier
34:50 Chain Barding Armor
36:20 Plate Barding Armor
36:52 Iron Casting
36:41 Stone Mining
36:37 Savar
38:33 Two-Man Saw
38:20 Conscription
BøM_Sheuu
6:50 Loom
9:00 Feudal Age
10:00 Double-Bit Axe
12:46 Fletching
21:16 Castle Age
19:27 Horse Collar
21:52 Bodkin Arrow
21:18 Crossbowman
22:21 Bow Saw
23:31 Ballistics
23:33 Padded Archer Armor
25:08 Leather Archer Armor
27:27 Wheelbarrow
28:40 Gold Mining
29:10 Town Watch
31:26 Gold Shaft Mining
33:04 Thumb Ring
36:17 Imperial Age
35:21 Stone Mining
37:23 Bracer
38:25 Chemistry
37:06 Arbalester
39:45 Ring Archer Armor
41:37 Hand Cart
SSX_Flexa
6:31 Loom
9:04 Feudal Age
10:08 Double-Bit Axe
15:10 Forging
17:20 Scale Barding Armor
19:42 Bloodlines
23:21 Castle Age
23:12 Gold Mining
24:18 Husbandry
24:40 Chain Barding Armor
25:36 Iron Casting
37:56 Wheelbarrow
41:13 Imperial Age
[LCDR] Alone
6:13 Loom
8:41 Feudal Age
10:13 Double-Bit Axe
21:17 Castle Age
19:08 Gold Mining
19:50 Fletching
20:12 Bloodlines
21:55 Bodkin Arrow
22:50 Husbandry
24:05 Ballistics
25:08 Padded Archer Armor
27:21 Bow Saw
31:20 Thumb Ring
34:50 Wheelbarrow
40:06 Imperial Age
39:51 Marauders
40:54 Scale Barding Armor
41:00 Forging
40:10 Elite Tarkan
41:12 Conscription
GAX | BiduZera
10:20 Feudal Age
9:02 Loom
11:25 Feudal Age
15:18 Castle Age
13:33 Double-Bit Axe
16:18 Bow Saw
29:36 Padded Archer Armor
37:50 Imperial Age
35:25 Gold Mining
36:45 Leather Archer Armor
36:18 Horse Collar
37:44 Stone Mining
38:54 Conscription
[LCDR] ScOrPiOn II
6:51 Loom
9:50 Feudal Age
19:59 Castle Age
27:59 Double-Bit Axe
30:52 Fletching
32:35 Husbandry
34:53 Padded Archer Armor
36:35 Bow Saw
40:42 Imperial Age
Connection lost

Rejoining the realm…

Still unreachable

The connection could not be restored.

Session expired

The server has moved on; the page needs a fresh start.